Map: Blackpink LE

Players

SamuraiFunn - Winner!

  • Race: Protoss Protoss
  • League: Platinum
  • Spawn Location: 1:00

A.I. 1 (Harder)

  • Race: Protoss Protoss
  • Spawn Location: 7:00

VOD

Have the link to the VOD?

Description

Time

  • Played on: Nov. 30, 2017, 10:10 p.m.
  • Length: 12:44
Show
View Real Time Build Order
Export as new Build Order

SamuraiFunn Protoss - Winner!

Build Orders:  

Get SALT Encoding   

  12  0:00  Probe  
  13  0:12  Probe  
  14  0:23  Pylon  
  14  0:25  Probe  
  15  0:41  Probe (Chrono Boost)  
  16  0:49  Assimilator  
  16  0:52  Pylon  
  16  0:53  Probe (Chrono Boost)  
  17  1:02  Gateway  
  17  1:15  Probe  
  18  1:27  Probe  
  19  1:39  Probe  
  20  1:51  Probe  
  20  1:52  Cybernetics Core, Zealot (Chrono Boost)  
  23  2:01  Nexus  
  23  2:03  Probe  
  24  2:14  Zealot  
  26  2:15  Probe  
  26  2:19  Assimilator  
  27  2:29  Probe  
  28  2:36  Warp Gate (Chrono Boost)  
  28  2:41  Probe  
  29  3:00  Probe  
  30  3:13  Stalker  
  30  3:17  Pylon  
  30  3:18  Probe  
  30  3:19  Probe  
  34  3:22  Pylon  
  34  3:26  Gateway  
  34  3:27  Gateway  
  34  3:29  Robotics Facility  
  34  3:31  Probe  
  35  3:36  Probe  
  36  3:43  Probe  
  38  3:48  Probe  
  38  3:55  Probe  
  39  4:00  Probe  
  40  4:07  Probe  
  41  4:12  Probe, Assimilator  
  42  4:21  Stalker  
  44  4:26  Observer  
  45  4:32  Twilight Council  
  45  4:36  Probe x2  
  47  4:48  Probe x2, Observer  
  50  4:58  Forge  
  50  5:00  Probe x2  
  50  5:01  Stalker  
  50  5:02  Stalker  
  50  5:03  Stalker  
  58  5:15  Probe x2  
  60  5:27  Pylon  
  60  5:29  Probe x2  
  60  5:30  Pylon  
  60  5:33  Pylon  
  62  5:36  Nexus  
  62  5:43  Assimilator  
  62  5:45  Probe x2  
  62  5:49  Pylon  
  64  5:51  Pylon  
  64  5:57  Probe x2, Pylon, Stalker  
  64  5:58  Stalker x2  
  64  6:00  Protoss Ground Weapons Level 1  
  64  6:03  Blink (Chrono Boost)  
  71  6:25  Stalker  
  71  6:26  Stalker x2  
  73  6:51  Pylon  
  65  7:03  Observer  
  66  7:10  Probe x3  
  69  7:18  Robotics Facility  
  69  7:20  Robotics Facility  
  69  7:22  Probe  
  70  7:25  Observer  
  71  7:34  Stalker x3  
  77  7:43  Gateway  
  77  7:45  Gateway  
  77  7:47  Gateway  
  81  7:51  Immortal  
  81  8:09  Warp Prism  
  81  8:10  Warp Prism  
  84  8:22  Probe x3  
  87  8:30  Immortal  
  91  8:34  Probe  
  92  8:44  Probe x2  
  92  8:45  Immortal  
  92  8:46  Probe, Immortal  
  103  8:50  Stalker x3  
  109  9:02  Pylon  
  109  9:04  Pylon  
  109  9:07  Pylon  
  109  9:08  Protoss Ground Weapons Level 2 (Chrono Boost)  
  109  9:11  Probe x3  
  109  9:14  Forge  
  112  9:20  Assimilator  
  112  9:22  Assimilator  
  112  9:23  Probe x3, Stalker  
  112  9:24  Stalker x4  
  119  9:25  Stalker  
  127  9:33  Pylon  
  127  9:42  Immortal x2  
  135  9:52  Nexus  
  135  9:55  Pylon  
  135  9:57  Pylon  
  135  10:00  Pylon  
  135  10:03  Assimilator  
  134  10:08  Assimilator  
  128  10:26  Immortal  
  128  10:27  Immortal x2, Stalker  
  128  10:28  Stalker x5  
  140  11:24  Stalker x3  
  140  11:25  Stalker x3  
  150  11:35  Immortal x3  
  160  12:01  Stalker x4  
  160  12:02  Stalker x2  
Show
View Real Time Build Order
Export as new Build Order

A.I. 1 (Harder) Protoss 

Build Orders:  

Get SALT Encoding   

  12  0:00  Probe  
  13  0:13  Probe  
  14  0:20  Pylon  
  14  0:25  Probe  
  15  0:38  Probe  
  16  0:48  Assimilator  
  16  0:50  Probe  
  16  0:52  Gateway  
  17  1:00  Pylon  
  17  1:03  Probe  
  18  1:15  Probe  
  19  1:27  Probe  
  20  1:40  Zealot  
  20  1:43  Cybernetics Core  
  20  1:44  Gateway  
  22  1:49  Assimilator  
  22  2:04  Pylon  
  22  2:19  Adept  
  24  2:24  Warp Gate  
  24  2:31  Adept  
  26  2:42  Pylon  
  26  2:46  Adept  
  30  2:58  Zealot  
  30  3:13  Adept  
  32  3:21  Pylon  
  32  3:25  Adept  
  34  3:37  Probe  
  34  3:40  Adept  
  37  3:49  Probe  
  37  3:52  Adept  
  40  3:56  Pylon  
  40  4:01  Probe  
  41  4:07  Stalker  
  43  4:10  Forge  
  43  4:13  Probe  
  44  4:19  Stalker  
  46  4:26  Probe  
  47  4:38  Probe  
  48  4:45  Adept  
  50  4:57  Zealot  
  52  5:09  Probe  
  52  5:53  Sentry  
  52  5:54  Protoss Ground Weapons Level 1  
  52  5:55  Gateway  
  54  5:58  Pylon  
  54  5:59  Photon Cannon  
  54  6:01  Stalker  
  54  6:03  Photon Cannon, Nexus  
  56  6:16  Sentry  
  58  6:24  Sentry, Pylon  
  60  6:39  Sentry  
  62  6:45  Robotics Facility  
  54  6:47  Sentry  
  48  6:55  Zealot  
  44  7:03  Zealot  
  44  7:10  Adept  
  46  7:18  Stalker  
  46  7:20  Probe x2  
  50  7:26  Assimilator, Adept  
  52  7:32  Probe, Observer  
  52  7:34  Probe, Stalker  
  57  7:42  Stalker  
  57  7:44  Probe  
  60  7:45  Pylon  
  60  7:47  Probe  
  60  7:48  Protoss Ground Armor Level 1  
  60  7:50  Stalker  
  63  7:54  Observer  
  63  7:56  Probe  
  63  7:58  Stalker  
  67  7:59  Probe  
  68  8:06  Twilight Council  
  68  8:08  Probe  
  69  8:13  Probe  
  70  8:20  Probe  
  70  8:21  Pylon  
  70  8:25  Probe  
  72  8:32  Probe  
  73  8:34  Stargate  
  73  8:37  Probe  
  74  8:44  Probe  
  74  8:45  Blink  
  74  8:46  Photon Cannon  
  75  8:49  Probe  
  76  8:56  Photon Cannon, Probe  
  76  9:01  Forge  
  77  9:35  Assimilator  
  77  9:52  Stalker x2  
  77  9:54  Stalker x2  
  77  9:57  Probe x2  
  79  10:02  Warp Prism, Adept  
  79  10:04  Gateway, Stalker x2  
  79  10:06  Adept  
  85  10:08  Robotics Facility  
  85  10:10  Zealot  
  87  10:15  Nexus, Stargate  
  83  10:25  Adept  
  75  10:29  Adept  
  75  10:34  Stalker  
  67  10:38  Warp Prism  
  63  10:45  Stalker  
  63  10:49  Zealot  
  67  10:55  Observer  
  58  10:57  Stalker  
  58  10:59  Stalker  
  56  11:08  Stalker  
  56  11:10  Stalker  
  48  11:13  Warp Prism  
  48  11:17  Immortal  
  39  11:20  Stalker  
  39  11:24  Zealot  
  31  11:27  Probe  
  31  11:31  Zealot  
  13  12:21  Pylon  
  13  12:25  Pylon  
  13  12:28  Probe  
Tags
 
League
Platinum
Matchup
PvP
Replay Pack
First 100 games
Spawn Locations
Cross Positions
Add a new tag
Caveats
  • Supply blocks, unpowered buildings, or Contaminate may cause inaccurate times.
  • Supply counts are checked every 10 seconds.